 Dungeon Crawl Stone Soup version 0.21-a0-125-gb006224 (webtiles) character file.

2787490 kuniqs the Rapturous (level 27, 156/156 HPs)
             Began as a Vine Stalker Berserker on July 14, 2017.
             Was a Follower of Uskayaw.
             Escaped with the Orb
             ... and 4 runes!
             The game lasted 02:26:01 (53936 turns).

kuniqs the Rapturous (Vine Stalker Berserker)      Turns: 53936, Time: 02:26:02

Health: 156/156    AC: 57    Str: 35    XL:     27
Magic:  39/39      EV: 22    Int: 11    God:    Uskayaw [*.....]
Gold:   238        SH: 41    Dex: 27    Spells: 26/26 levels left

rFire    + + +     SeeInvis .   j - +9 quick blade (pierce) {OOFBANE}
rCold    + + .     Gourm    .   R - +10 large shield of Ignorance {rN+ Int-4}
rNeg     + + .     Faith    .   c - +14 crystal plate armour {rC+}
rPois    .         Spirit   +   M - +2 hat of the Commoners {rF+ rC+ Slay+2}
rElec    +         Reflect  +   W - scarf "Liycex" {Str+6 Dex+3}
rCorr    .         Harm     .   G - +2 pair of gloves
MR       ++++.                  a - +2 pair of boots
Stlth    ..........             w - amulet of Renitt {Reflect *Drain rF+++ rN+ Int+3 SH+5}
HPRegen  1.16/turn              t - ring of Robustness {AC+8}
MPRegen  0.26/turn              N - ring "Dymumoi" {*Contam rElec MR+ Int+3 Dex+2}

@: hasted, very quick
A: fangs 3, agile 1, clever 1, regeneration 2, strong 1, magic shield, antimagic
bite, no potion heal 3, rot immunity, MP-powered wands
0: Orb of Zot
}: 4/15 runes: barnacled, slimy, silver, gossamer
a: Stomp, Renounce Religion


You escaped.
You worshipped Uskayaw.
Uskayaw was greatly pleased with you.
You were not hungry.

You visited 11 branches of the dungeon, and saw 55 of its levels.
You visited 1 bazaar.
You visited 1 ziggurat, and saw 5 of its levels.
You also visited: Ossuary, Ice Cave and Desolation.

You collected 6608 gold pieces.
You spent 6370 gold pieces at shops.

Inventory:

Hand Weapons
 j - a +9 quick blade of piercing (weapon) {OOFBANE}
 K - a +9 quick blade of venom
Missiles
 y - 9 throwing nets (quivered)
Armour
 a - a +2 pair of boots (worn)
 c - a +14 crystal plate armour of cold resistance (worn)
 G - a +2 pair of gloves (worn)
 M - the +2 hat of the Commoners (worn) {rF+ rC+ Slay+2}
   (You found it in an ice cave)

   It affects your accuracy and damage with ranged weapons and melee attacks
   (+2).
   It protects you from fire.
   It protects you from cold.
 R - the +10 large shield of Ignorance (worn) {rN+ Int-4}
   (You acquired it on level 3 of the Vaults)

   It affects your intelligence (-4).
   It protects you from negative energy.
 S - the +3 crown of Dyrovepreva {rElec Int+2 SInv}
   (You found it on level 2 of the Spider Nest)

   It affects your intelligence (+2).
   It insulates you from electricity.
   It lets you see invisible.
 W - the scarf "Liycex" (worn) {Str+6 Dex+3}
   (You acquired it on level 4 of a ziggurat)

   It affects your strength (+6).
   It affects your dexterity (+3).
Jewellery
 t - the ring of Robustness (left hand) {AC+8}
   (You found it on level 3 of the Elven Halls)

   [ring of protection]

   It affects your AC (+8).
 w - the amulet of Renitt (around neck) {Reflect *Drain rF+++ rN+ Int+3 SH+5}
   (You found it on level 3 of the Elven Halls)

   [amulet of reflection]

   It shields you and reflects attacks.
   It affects your intelligence (+3).
   It renders you almost immune to fire.
   It protects you from negative energy.
   It causes draining when unequipped.
   It affects your SH (+5).
 z - the amulet "Dyubb" {Spirit rC+ Dex-2 Slay+3 Stlth+}
   (You found it on level 2 of the Vaults)

   [amulet of guardian spirit]

   It causes incoming damage to be split between your health and magic.
   It affects your dexterity (-2).
   It affects your accuracy and damage with ranged weapons and melee attacks
   (+3).
   It protects you from cold.
   It makes you more stealthy.
 L - an uncursed ring of resist corrosion
 N - the ring "Dymumoi" (right hand) {*Contam rElec MR+ Int+3 Dex+2}
   (You acquired it on level 12 of the Dungeon)

   [ring of intelligence]

   It affects your intelligence (+3).
   It affects your dexterity (+2).
   It insulates you from electricity.
   It affects your resistance to hostile enchantments.
   It causes magical contamination when unequipped.
Wands
 q - a wand of flame (6/48)
 A - a wand of digging (2/24)
 I - a wand of paralysis (6/24)
 O - a wand of acid (0/15)
 V - a wand of scattershot (2/9)
Scrolls
 b - 6 scrolls of blinking
 i - 5 scrolls of immolation
 k - 2 scrolls of enchant armour
 l - 16 scrolls of teleportation
 v - 21 scrolls of remove curse {@r2}
 x - 2 scrolls of holy word
 E - 8 scrolls of fog
 H - 8 scrolls of fear
 P - a scroll of summoning
 Q - 3 scrolls of recharging
 T - a scroll of identify {@r1}
Potions
 g - 6 potions of flight
 h - a potion of cancellation
 m - 6 potions of invisibility
 p - 9 potions of curing {@q1}
 r - 5 potions of agility
 u - 13 potions of mutation
 B - 3 potions of might
 D - 3 potions of berserk rage
 J - 5 potions of haste
Miscellaneous
 n - a lightning rod (4/4)
 o - a lamp of fire
 C - 2 sacks of spiders
 F - a fan of gales
Comestibles
 d - 27 bread rations
 e - 21 meat rations
 f - 3 fruits
 s - 26 royal jellies


   Skills:
 + Level 19.7 Fighting
 - Level 10.0 Short Blades
 + Level 18.3 Armour
 + Level 18.3 Dodging
 - Level 10.0 Stealth
 - Level 20.0 Shields
 - Level 22.1 Invocations
 - Level 6.4 Evocations


You had 26 spell levels left.
You didn't know any spells.

Dungeon Overview and Level Annotations

Branches:
Dungeon (15/15)            Temple (1/1) D:6            Lair (6/6) D:10
 Shoals (4/4) Lair:4       Spider (4/4) Lair:3        Slime (5/5) Lair:5
    Orc (2/2) D:11            Elf (3/3) Orc:2        Vaults (5/5) D:14
  Crypt (0/3) Vaults:2     Depths (5/5) D:15            Zot (5/5) Depths:5

Altars:
Ashenzari
Cheibriados
Dithmenos
Elyvilon
Fedhas
Gozag
Hepliaklqana
Kikubaaqudgha
Makhleb
Nemelex Xobeh
Okawaru
Qazlal
Ru
Sif Muna
Trog
Uskayaw
Vehumet
Wu Jian
Xom
Yredelemnul
Zin
The Shining One
Beogh
Jiyva

Shops:
D:5 }[?!=   D:13 *   D:14 [   Orc:2 [*![   Elf:1 =}:[   Elf:2 !   Elf:3 ?
Vaults:1 *   Vaults:5 %%?%??!?   Depths:3 *   Depths:4 [:(:

Portals:
Hell: Depths:1 Depths:2 Depths:3 Depths:4 Depths:5
Abyss: Depths:2 Depths:4
Pandemonium: Depths:3

Annotations:
D:14 exclusion: Roxanne, Roxanne
Lair:6 1 exclusion
Depths:1 exclusion: orange crystal statue


Innate Abilities, Weirdness & Mutations

You have razor-sharp teeth.
You heal very quickly.
When hurt, damage is shared between your health and your magic reserves.
Your bite disrupts and absorbs the magic of your enemies.
Potions cannot restore your health.
You are immune to rotting.
You are agile. (Dex +2)
Your mind is acute. (Int +2)
Your muscles are strong. (Str +2)
You expend magic power (3 MP) to strengthen your wands.


Message History

The hobgoblin shouts!
You can no longer pass through a line of other dancers.
You block the hobgoblin's attack.
There is a stone staircase leading up here.
You puncture the hobgoblin!
You kill the hobgoblin!
You climb upwards.
There is a stone staircase leading down here.
You feel yourself speed up.
A dart slug comes into view.
You puncture the dart slug!
You kill the dart slug!
(D) Dungeon (T) Temple (L) Lair (A) Shoals (N) Spider Nest (M) Slime Pits (O) Orcish Mines (E) Elven Halls (V) Vaults (C) Crypt (U) Depths (H) Hell (Z) Zot
Where to? (Enter - D:1 @ (x,y), ? - help)
A rust devil comes into view.
There is a staircase leading out of the dungeon here.
You have escaped!

#......)..
#.........
###..4......
#...........
#.##########
#######.#
#.....#.#
#.....#.#
#@.....(#
#.....###
#.....#
#######


There were no monsters in sight!

Vanquished Creatures
  the Royal Jelly (Slime:5)
  Mara (Depths:1)
  4 orbs of fire
  3 ancient liches
  4 juggernauts
  Boris (Vaults:4)
  2 pandemonium lords
  Margery (Vaults:4)
  4 curse toes
  3 Killer Klowns
  9 golden dragons
  A caustic shrike (Depths:3)
  Nikola (Shoals:4)
  A Tzitzimitl (Zot:5)
  An electric golem (Zot:5)
  2 bone dragons
  Jorgrun (Shoals:2)
  2 Ice Fiends (IceCv)
  25 Orb Guardians
  16 tentacled monstrosities
  Rupert (Spider:1)
  Asterion (Elf:2)
  6 liches
  4 deep elf blademasters
  A deep elf master archer (Elf:3)
  Polyphemus (Shoals:2)
  3 death cobs
  11 sphinxes
  5 quicksilver dragons
  6 titans
  18 acid blobs
  5 shadow dragons
  4 storm dragons
  Agnes (D:14)
  A revenant (Vaults:2)
  7 tengu reavers
  9 azure jellies
  Ilsuiw (Shoals:4)
  3 iron dragons
  5 deep elf sorcerers
  13 frost giants
  2 orc warlords
  A balrug (Depths:3)
  14 fire giants
  2 draconian scorchers
  Louise (Shoals:2)
  3 ghost moths
  Aizul (Vaults:4)
  5 deep elf elementalists (Elf:3)
  2 imperial myrmidons (Desolation)
  13 vault wardens
  A cacodemon (Depths:2)
  9 emperor scorpions
  A caustic shrike skeleton (Depths:2)
  2 draconian stormcallers
  13 ironheart preservers
  3 draconian annihilators
  2 entropy weavers (Spider:2)
  33 stone giants
  3 war gargoyles (Vaults:5)
  6 green draconians
  12 very ugly things
  5 black draconians
  16 deep elf annihilators
  4 vampire knights
  8 deep elf demonologists
  A dire elephant (D:15)
  Nessos (D:14)
  7 purple draconians
  A halazid warlock (Desolation)
  11 red draconians
  7 white draconians
  19 spark wasps
  A spark wasp (shapeshifter) (Depths:4)
  7 yellow draconians
  15 ettins
  4 crystal guardians
  3 merfolk javelineers
  8 merfolk impalers
  8 deep elf death magi
  17 yaktaur captains
  9 death oozes
  15 ogre magi
  9 deep elf high priests
  12 great orbs of eyes
  17 fire dragons
  6 ragged hierophants (Desolation)
  13 hydras
  2 servants of whispers (Desolation)
  19 ice dragons
  A caustic shrike simulacrum (Depths:2)
  8 rakshasas
  21 vault guards
  8 peacekeepers (Desolation)
  8 centaur warriors
  2 catoblepae
  3 spriggan air magi
  A catoblepas (shapeshifter) (Depths:5)
  2 merfolk aquamancers (Shoals:4)
  2 merfolk avatars
  An alligator snapping turtle (Shoals:2)
  7 death knights
  A two-headed ogre (shapeshifter) (Depths:2)
  9 deep troll earth magi
  A satyr (Shoals:4)
  57 two-headed ogres
  3 death yaks (Shoals:2)
  5 orc high priests
  6 spriggan berserkers
  5 tengu warriors
  10 deep troll shamans
  29 dancing weapons
  Urug (Lair:5)
  A vampire mage (Vaults:2)
  A soul eater (Depths:1)
  5 spriggans (Depths:5)
  Sonja (D:11)
  A fire crab (Lair:5)
  28 deep elf knights
  A salamander mystic (Depths:5)
  A sixfirhy (Depths:4)
  3 skeletal warriors (Vaults:1)
  A glowing orange brain (shapeshifter) (Vaults:5)
  15 hell knights
  3 iron trolls
  6 flayed ghosts
  13 sea snakes
  A swamp dragon (shapeshifter) (Vaults:5)
  An unseen horror (D:9)
  An unseen horror (shapeshifter) (D:14)
  29 deep trolls
  A lindwurm (shapeshifter) (Depths:2)
  A small abomination (Elf:3)
  3 wizards
  An infernal demonspawn (Depths:1)
  18 deep elf archers
  A glowing orange brain (Depths:5)
  3 torturous demonspawn
  A large abomination (Elf:3)
  An obsidian statue (Zig:2)
  A lindwurm (Lair:6)
  7 phantasmal warriors
  14 ironbrand convokers
  A tengu zombie (Vaults:3)
  17 harpies
  59 deep elf magi
  2 salamanders (shapeshifter)
  12 necromancers
  17 orc knights
  A tengu skeleton (Vaults:3)
  15 cyclopes
  6 orc sorcerers
  45 ugly things
  37 wolf spiders
  15 orb spiders
  A shadow dragon skeleton (Vaults:3)
  A wolf spider (shapeshifter) (Depths:2)
  14 manticores
  14 fauns
  A moth of wrath (shapeshifter) (Vaults:5)
  2 salamanders (Depths:5)
  2 fire giant zombies (Vaults:3)
  2 black mambas (shapeshifter)
  6 elephants
  3 guardian serpents (Desolation)
  An elephant (shapeshifter) (Depths:3)
  3 rust devils
  11 moths of wrath
  5 black mambas
  3 water nymphs
  An eye of devastation (shapeshifter) (Zot:4)
  A water nymph (shapeshifter) (Depths:3)
  A fire giant skeleton (Vaults:2)
  A stone giant skeleton (Depths:2)
  4 eyes of devastation
  2 ice statues (IceCv)
  A naga mage (D:15)
  5 merfolk sirens
  3 human skeletons
  10 vault sentinels
  7 torpor snails
  A gargoyle (D:10)
  11 spiny frogs
  A rime drake (Lair:5)
  2 efreet
  2 tengu conjurers (Depths:4)
  9 komodo dragons
  57 yaktaurs
  The ghost of Tuck the Insei, a novice OpTm (D:3)
  8 freezing wraiths
  12 ice devils
  12 polar bears
  A guardian mummy (Zot:4)
  A queen bee (Lair:3)
  2 red devils (Depths:1)
  11 demonic crawlers
  32 jumping spiders
  A meliai (shapeshifter) (Vaults:3)
  17 trolls
  2 wind drakes (shapeshifter)
  3 wind drakes
  12 blink frogs
  A blink frog (shapeshifter) (Vaults:4)
  2 dream sheep (Shoals:1)
  46 saltlings (Desolation)
  16 hornets
  10 snapping turtles
  A snapping turtle (shapeshifter) (Depths:2)
  15 hippogriffs
  31 merfolk
  A raiju (shapeshifter) (Vaults:1)
  49 slime creatures
  3 vampires
  An ettin skeleton (Depths:2)
  Sigmund (D:6)
  72 redbacks
  A shadow (D:13)
  7 air elementals
  2 ynoxinuls
  43 yaks
  14 water elementals
  10 wraiths
  5 wyverns
  14 basilisks
  21 fire elementals
  A human (D:7)
  A hungry ghost (D:15)
  20 tarantellas
  Eustachio (D:6)
  2 golden eyes (shapeshifter)
  A yak (shapeshifter) (Depths:4)
  A basilisk (shapeshifter) (Vaults:4)
  2 neqoxecs
  2 hogs (shapeshifter) (Vaults:3)
  4 hogs (D:7)
  7 golden eyes (Slime:1)
  A chaos spawn (Depths:3)
  A steam dragon (Lair:3)
  3 vampire mosquitoes
  A swamp worm (shapeshifter) (Vaults:5)
  6 wargs
  A soldier ant (D:12)
  4 acid dragons
  7 hell hounds
  12 water moccasins
  2 floating eyes
  A swamp drake (Orc:2)
  A floating eye (shapeshifter) (D:14)
  33 orc warriors
  7 porcupines
  2 ice beasts (shapeshifter)
  7 boggarts
  6 ice beasts
  4 sky beasts
  2 human zombies (Vaults:3)
  16 black bears
  7 eyes of draining
  36 ogres
  31 wolves
  10 centaurs
  15 crocodiles
  A big kobold (D:8)
  2 elf zombies (Ossuary)
  9 bullfrogs
  A gnoll sergeant (D:7)
  A water moccasin zombie (D:9)
  6 earth elementals
  2 wyvern skeletons
  2 scorpions (Spider:3)
  24 killer bees
  4 howler monkeys
  8 electric eels
  10 crimson imps
  2 bullfrog zombies
  3 centaur zombies
  A quasit (D:9)
  5 hounds
  6 jellies
  Crazy Yiuf (D:6)
  28 orc wizards
  2 bullfrog skeletons
  24 orc priests
  3 centaur skeletons
  4 iron imps
  Ijyb (D:5)
  Natasha (twice) (D:2)
  An iguana (D:12)
  A lightning spire (Zig:5)
  15 worker ants
  A killer bee zombie (D:8)
  3 big kobold zombies (Ossuary)
  2 mummies (Ossuary)
  A hound skeleton (D:5)
  6 gnolls
  16 adders
  A howler monkey skeleton (D:7)
  9 shadow imps
  10 white imps
  6 ufetubi
  An ooze (D:4)
  2 adder zombies
  An adder skeleton (D:5)
  7 worms
  6 dart slugs
  4 leopard geckos
  93 orcs
  6 bats
  4 giant cockroaches
  4 hobgoblins
  8 jackals
  11 quokkas
  3 frilled lizards
  3 gnoll zombies (Ossuary)
  4 goblins
  5 goblin zombies
  2 hobgoblin zombies
  A jackal zombie (D:5)
  6 kobolds
  3 kobold skeletons (D:4)
  A leopard gecko skeleton (D:5)
  An orc skeleton (D:4)
  An orc zombie (Ossuary)
  2 quokka skeletons (D:9)
  A quokka zombie (D:6)
  6 rats
  A crawling corpse (Elf:3)
  A withered plant (Shoals:4)
2484 creatures vanquished.

Vanquished Creatures (collateral kills)
  Arachne (Spider:3)
  Frances (Shoals:1)
  Kirke (D:13)
  Donald (Spider:3)
  A frost giant (Shoals:4)
  A ghost moth (Spider:4)
  An emperor scorpion (Spider:3)
  A spark wasp (Spider:3)
  A merfolk javelineer (Shoals:4)
  4 merfolk impalers (Shoals:4)
  A sea snake (Shoals:4)
  6 orb spiders
  A wolf spider (Spider:4)
  2 demonic crawlers
  6 jumping spiders
  A merfolk (Shoals:4)
  3 hornets
  2 snapping turtles (Shoals:4)
  A dream sheep (Shoals:1)
  2 yaks (Lair:1)
  2 hogs (D:13)
  8 redbacks
  2 wyverns (Lair:3)
  6 tarantellas
  A water moccasin (Lair:1)
  A scorpion (Spider:3)
  8 killer bees (Lair:3)
  An orc wizard (D:13)
  A worker ant (D:13)
  An orc (D:13)
69 creatures vanquished.

Vanquished Creatures (others)
  A fire dragon (Depths:5)
  A deep elf mage (Vaults:1)
  A polar bear (Vaults:3)
  A jumping spider (Spider:3)
  A redback (Spider:3)
  A centaur (Depths:1)
  An ogre (Vaults:5)
  3 white imps (IceCv)
  An ufetubus (IceCv)
  8 fungi
  2 plants (Shoals:3)
  8 tentacles (Shoals:4)
29 creatures vanquished.

Grand Total: 2582 creatures vanquished

Notes
Turn   | Place    | Note
-------+----------+-------------------------------------------
     0 | D:1      | kuniqs the Vine Stalker Berserker began the quest for the Orb.
     0 | D:1      | Reached XP level 1. HP: 11/11 MP: 2/2
   292 | D:1      | Reached XP level 2. HP: 16/16 MP: 3/3
   724 | D:2      | Found a burning altar of Makhleb.
   727 | D:2      | Reached XP level 3. HP: 20/20 MP: 4/4
  1149 | D:2      | Reached ** piety under Trog
  1264 | D:2      | Found a faded altar of an unknown god.
  1272 | D:2      | Noticed Natasha
  1276 | D:2      | Killed Natasha
  1276 | D:2      | Gained mutation: Your natural rate of healing is unusually fast. [Vine Stalker growth]
  1276 | D:2      | Reached XP level 4. HP: 24/24 MP: 5/5
  1360 | D:2      | Noticed Natasha
  1369 | D:2      | Killed Natasha
  1402 | D:2      | Found a white marble altar of Elyvilon.
  1440 | D:2      | Reached XP level 5. HP: 24/28 MP: 6/6
  1565 | D:3      | Noticed Tuck's ghost (novice OpTm)
  1574 | D:3      | Killed Tuck's ghost
  1574 | D:3      | Reached XP level 6. HP: 33/33 MP: 7/7
  2129 | D:4      | Reached XP level 7. HP: 30/37 MP: 8/8
  2261 | D:4      | Found a glowing golden altar of the Shining One.
  2290 | D:4      | Reached *** piety under Trog
  2440 | D:4      | Found a shattered altar of Ashenzari.
  2990 | D:5      | Entered Level 5 of the Dungeon
  3035 | D:5      | Found Himiud's Distillery.
  3035 | D:5      | Found Miarr's Magic Scroll Emporium.
  3036 | D:5      | Found Ubristeump's Armour Boutique.
  3197 | D:5      | Found Xiucaf's Jewellery Boutique.
  3223 | D:5      | Found Vassouha's Gadget Shop.
  3345 | D:5      | Found a sacrificial altar of Ru.
  3445 | D:5      | Gained mutation: You have razor-sharp teeth. [Vine Stalker growth]
  3445 | D:5      | Reached XP level 8. HP: 39/42 MP: 7/9
  3625 | D:5      | Reached skill level 5 in Fighting
  3625 | D:5      | Reached skill level 5 in Short Blades
  3631 | D:5      | Found a hazy altar of Hepliaklqana.
  3633 | D:5      | Noticed Ijyb
  3643 | D:5      | Killed Ijyb
  3776 | D:6      | Found a shimmering altar of Xom.
  3814 | D:6      | Found a runed door.
  3944 | D:6      | Found a staircase to the Ecumenical Temple.
  3962 | D:6      | Noticed a two-headed ogre
  3993 | D:6      | Killed a two-headed ogre
  3993 | D:6      | Reached XP level 9. HP: 40/48 MP: 10/10
  4031 | D:6      | Noticed Sigmund
  4036 | D:6      | Killed Sigmund
  4085 | D:6      | Noticed Eustachio
  4096 | D:6      | Killed Eustachio
  4096 | D:6      | Reached skill level 5 in Armour
  4166 | D:6      | Reached skill level 5 in Dodging
  4227 | Temple   | Entered the Ecumenical Temple
  4531 | D:6      | Found an ornate altar of the Wu Jian Council.
  4722 | D:6      | Reached **** piety under Trog
  5008 | D:7      | Found a sand-covered staircase.
  5016 | Ossuary  | Entered an ossuary
  5299 | D:7      | Reached XP level 10. HP: 53/53 MP: 11/11
  5400 | D:7      | Reached ***** piety under Trog
  6034 | D:8      | Found a deep blue altar of Sif Muna.
  6163 | D:8      | Found a snail-covered altar of Cheibriados.
  6512 | D:8      | Found a shadowy altar of Dithmenos.
  6512 | D:8      | Found a radiant altar of Vehumet.
  6513 | D:8      | Found an iron altar of Okawaru.
  6691 | D:9      | Reached skill level 1 in Evocations
  6843 | D:9      | Noticed a two-headed ogre
  6851 | D:9      | Killed a two-headed ogre
  6851 | D:9      | Reached skill level 5 in Shields
  6986 | D:9      | Reached XP level 11. HP: 58/58 MP: 13/13
  7019 | D:9      | Killed an unseen horror
  7379 | D:10     | Entered Level 10 of the Dungeon
  7382 | D:10     | Found a staircase to the Lair.
  7395 | D:10     | Received a gift from Trog
  7489 | D:5      | Bought a +5 ring of evasion for 605 gold pieces
  7519 | D:5      | Bought a potion of mutation for 88 gold pieces
  8405 | D:11     | Found a staircase to the Orcish Mines.
  8418 | D:11     | Found a roughly hewn altar of Beogh.
  9024 | D:11     | Noticed a two-headed ogre
  9037 | D:11     | Killed a two-headed ogre
  9055 | D:11     | Noticed Sonja
  9063 | D:11     | Killed Sonja
  9289 | D:12     | Noticed a manticore
  9335 | D:12     | Killed a manticore
  9364 | D:12     | Noticed a six-headed hydra
  9395 | D:12     | Killed a six-headed hydra
  9395 | D:12     | Gained mutation: You heal very quickly. [Vine Stalker growth]
  9395 | D:12     | Reached XP level 12. HP: 65/65 MP: 5/16
  9610 | D:12     | Identified a scroll of acquirement
  9616 | D:12     | Got a crude golden ring
  9655 | D:12     | You fall through a shaft!
  9674 | D:12     | Noticed a two-headed ogre
  9685 | D:12     | Killed a two-headed ogre
  9708 | D:12     | Noticed a death knight
  9725 | D:12     | Killed a death knight
  9725 | D:12     | Reached skill level 5 in Evocations
 10018 | D:13     | Identified the ring "Dymumoi" {*Contam rElec MR+ Int+3 Dex+2} (You acquired it on level 12 of the Dungeon)
 10076 | D:13     | Noticed a centaur warrior
 10095 | D:13     | Killed a centaur warrior
 10130 | D:13     | Noticed Kirke
 10147 | D:13     | Killed Kirke
 10417 | D:13     | Noticed a death knight
 10434 | D:13     | Killed a death knight
 10438 | D:13     | Reached XP level 13. HP: 14/70 MP: 6/18
 10775 | D:13     | Received a gift from Trog
 10878 | D:13     | Found Arear's General Store.
 10955 | D:14     | Found a gate to the Vaults.
 11084 | D:14     | Paralysed by a floating eye for 3 turns
 11208 | Lair:1   | Entered Level 1 of the Lair of Beasts
 11263 | Lair:1   | Found a shimmering altar of Xom.
 11821 | Lair:1   | Reached skill level 10 in Short Blades
 12489 | Lair:2   | Reached skill level 10 in Fighting
 12565 | Lair:2   | Received a gift from Trog
 13062 | Lair:3   | Reached ****** piety under Trog
 13280 | Lair:3   | Reached XP level 14. HP: 76/77 MP: 6/19
 13370 | Lair:3   | Received a gift from Trog
 13379 | Lair:3   | Identified the +10 rapier "Orhy" {antimagic, *Drain +Blink rN+++ Int+3} (Trog gifted it to you on level 3 of the Lair of Beasts)
 13680 | Lair:3   | Found a hole to the Spider Nest.
 14404 | Lair:4   | Found a staircase to the Shoals.
 14809 | Lair:5   | Identified the cursed +1 ring mail of Death Resistance {Str-4 Dex+4} (You found it on level 5 of the Lair of Beasts)
 14845 | Lair:5   | Noticed Urug
 14923 | Lair:5   | Killed Urug
 14983 | Lair:5   | Found a staircase to the Slime Pits.
 15508 | Lair:6   | Entered Level 6 of the Lair of Beasts
 15711 | Lair:6   | Received a gift from Trog
 15969 | Lair:6   | Reached skill level 10 in Dodging
 16393 | Lair:6   | Reached skill level 10 in Armour
 16710 | Orc:1    | Entered Level 1 of the Orcish Mines
 16759 | Orc:1    | Received a gift from Trog
 17238 | Orc:2    | Entered Level 2 of the Orcish Mines
 17267 | Orc:2    | Reached XP level 15. HP: 83/83 MP: 6/20
 17439 | Orc:2    | Found a staircase to the Elven Halls.
 17597 | Orc:2    | Reached skill level 10 in Shields
 17892 | Orc:2    | Found Leuce's Assorted Antiques.
 17892 | Orc:2    | Found Ugoanoh's Armour Shoppe.
 17895 | Orc:2    | Found Nyimofam's Distillery.
 17900 | Orc:2    | Found Lis Edap's Armour Shop.
 17908 | Orc:2    | Bought a scroll labeled WOW VEBOERUO for 29 gold pieces
 17908 | Orc:2    | Bought a scroll of identify for 58 gold pieces
 17908 | Orc:2    | Bought a scroll of identify for 58 gold pieces
 17924 | Orc:2    | Bought a +0 large shield for 54 gold pieces
 18012 | Orc:2    | Received a gift from Trog
 18504 | Orc:2    | Bought a +1 pair of gloves for 149 gold pieces
 18519 | Orc:2    | Bought a knobbly coral ring for 145 gold pieces
 18726 | D:6      | Noticed Crazy Yiuf
 18729 | D:6      | Killed Crazy Yiuf
 18990 | D:14     | Found Teisil's Antique Armour Shoppe.
 19014 | D:14     | Bought a pair of embroidered gloves for 135 gold pieces
 19137 | D:14     | Received a gift from Trog
 19213 | D:14     | Noticed Roxanne
 19246 | D:14     | Noticed Nessos
 19271 | D:14     | Killed Nessos
 19661 | D:14     | Noticed Agnes
 19673 | D:14     | Killed Agnes
 19862 | D:15     | Entered Level 15 of the Dungeon
 20325 | D:15     | Found a staircase to the Depths.
 20662 | Spider:1 | Entered Level 1 of the Spider Nest
 20788 | Spider:1 | Received a gift from Trog
 21037 | Spider:1 | Noticed an emperor scorpion
 21038 | Spider:1 | Noticed an emperor scorpion
 21086 | Spider:1 | Killed an emperor scorpion
 21092 | Spider:1 | Killed an emperor scorpion
 21104 | Spider:1 | Reached XP level 16. HP: 61/88 MP: 7/21
 21153 | Spider:1 | Noticed Rupert
 21169 | Spider:1 | Killed Rupert
 21931 | Spider:2 | Gained mutation: You can translocate small distances at will. [mutagenic glow]
 22655 | Spider:3 | Noticed Arachne
 22720 | Spider:3 | Killed Arachne
 22744 | Spider:3 | Received a gift from Trog
 22765 | Spider:3 | Noticed Donald
 22786 | Spider:3 | Killed Donald
 23242 | Spider:3 | Reached skill level 15 in Shields
 23334 | Spider:3 | Received a gift from Trog
 24024 | Spider:4 | Entered Level 4 of the Spider Nest
 24102 | Spider:4 | Found a frozen archway.
 24115 | IceCv    | Entered an ice cave
 24267 | IceCv    | Received a gift from Trog
 24267 | IceCv    | Reached XP level 17. HP: 86/91 MP: 7/22
 24290 | IceCv    | Got an encrusted hat
 24292 | IceCv    | Identified the +2 hat of the Commoners {rF+ rC+ Slay+2} (You found it in an ice cave)
 24407 | IceCv    | Noticed an Ice Fiend
 24408 | IceCv    | Noticed an Ice Fiend
 24447 | IceCv    | Killed an Ice Fiend
 24528 | IceCv    | Killed an Ice Fiend
 25398 | Spider:4 | Received a gift from Trog
 25996 | Spider:4 | Got a gossamer rune of Zot
 26324 | Shoals:1 | Entered Level 1 of the Shoals
 26610 | Shoals:1 | Noticed Frances
 26632 | Shoals:1 | Killed Frances
 26693 | Shoals:1 | Received a gift from Trog
 27158 | Shoals:2 | Noticed Louise
 27192 | Shoals:2 | Killed Louise
 27192 | Shoals:2 | Reached XP level 18. HP: 95/96 MP: 7/23
 27216 | Shoals:2 | Noticed Jorgrun
 27238 | Shoals:2 | Killed Jorgrun
 27561 | Shoals:2 | Noticed Polyphemus
 27698 | Shoals:2 | Received a gift from Trog
 27842 | Shoals:2 | Killed Polyphemus
 29063 | Shoals:4 | Entered Level 4 of the Shoals
 29063 | Shoals:4 | Noticed Nikola
 29092 | Shoals:4 | Killed Nikola
 29239 | Shoals:4 | Received a gift from Trog
 29255 | Shoals:4 | Noticed Ilsuiw
 29291 | Shoals:4 | Killed Ilsuiw
 30020 | Shoals:4 | Received a gift from Trog
 30022 | Shoals:4 | Reached XP level 19. HP: 102/102 MP: 8/24
 30039 | Shoals:4 | Got a barnacled rune of Zot
 30268 | Shoals:4 | Fell from the grace of Trog
 30557 | Temple   | Became a worshipper of Uskayaw the Reveler
 30731 | Vaults:1 | Entered Level 1 of the Vaults
 30770 | Vaults:1 | Reached * piety under Uskayaw
 30774 | Vaults:1 | Reached ** piety under Uskayaw
 30777 | Vaults:1 | Reached skill level 1 in Stealth
 30947 | Vaults:1 | Found an ornate altar of the Wu Jian Council.
 31073 | Vaults:1 | Reached skill level 1 in Invocations
 31146 | Vaults:1 | Reached *** piety under Uskayaw
 31149 | Vaults:1 | Reached **** piety under Uskayaw
 31152 | Vaults:1 | Reached ***** piety under Uskayaw
 31200 | Vaults:1 | Reached skill level 2 in Invocations
 31216 | Vaults:1 | Reached ****** piety under Uskayaw
 31260 | Vaults:1 | Reached skill level 3 in Invocations
 31334 | Vaults:1 | Reached skill level 5 in Stealth
 31469 | Vaults:1 | Found Exzou's General Store.
 31483 | Vaults:1 | Reached skill level 4 in Invocations
 31515 | Vaults:1 | Bought a scroll of teleportation for 42 gold pieces
 31694 | Vaults:1 | Reached skill level 5 in Invocations
 32458 | Vaults:2 | Got a shimmering graven amulet
 32459 | Vaults:2 | Identified the amulet "Dyubb" {Spirit rC+ Dex-2 Slay+3 Stlth+} (You found it on level 2 of the Vaults)
 32581 | Vaults:2 | Reached skill level 6 in Invocations
 32815 | Vaults:2 | Reached skill level 7 in Invocations
 33144 | Vaults:2 | Reached skill level 10 in Stealth
 33156 | Vaults:2 | Reached skill level 8 in Invocations
 33238 | Vaults:1 | Reached skill level 9 in Invocations
 33238 | Vaults:1 | Reached XP level 20. HP: 60/106 MP: 9/27
 33748 | Vaults:2 | Found a staircase to the Crypt.
 33920 | Vaults:2 | Reached skill level 10 in Invocations
 34149 | Vaults:3 | Found a flickering gateway to a bazaar.
 34157 | Bazaar   | Entered a bazaar
 34157 | Bazaar   | Found Ameticw's General Store.
 34171 | Bazaar   | Found Powkoof's Antique Armour Shop.
 34191 | Bazaar   | Found Dexoah's Antique Weapon Shop.
 34212 | Bazaar   | Bought a potion of haste for 180 gold pieces
 34212 | Bazaar   | Bought 2 scrolls of teleportation for 108 gold pieces
 34225 | Bazaar   | Bought a pair of embroidered gloves for 157 gold pieces
 34264 | Vaults:3 | Found a ruined gateway.
 34282 | Desolati | Entered the Desolation of Salt
 34416 | Desolati | Reached skill level 11 in Invocations
 34638 | Desolati | Reached skill level 12 in Invocations
 34648 | Desolati | Got a scintillating brass ring
 34649 | Desolati | Identified the ring "Teun Pou" {Fire Stlth+} (You found it in the Desolation of Salt)
 34670 | Desolati | Got a clouded pewter ring
 34671 | Desolati | Identified the ring of Binett {Ice Str+5 Int+5} (You found it in the Desolation of Salt)
 34726 | Desolati | Got a pitted copper amulet
 34727 | Desolati | Identified the amulet of Uvuy {Fragile +Rage rF+ Str+2 Int+3} (You found it in the Desolation of Salt)
 34758 | Desolati | Identified the Collected Works on the Blaze
 34979 | Vaults:3 | Reached skill level 13 in Invocations
 34999 | Vaults:3 | Found a hazy altar of Hepliaklqana.
 35877 | Vaults:3 | Reached skill level 14 in Invocations
 36875 | Vaults:4 | Reached XP level 21. HP: 104/110 MP: 10/32
 37426 | Vaults:4 | Reached skill level 15 in Invocations
 37946 | Vaults:4 | Noticed Margery
 37960 | Vaults:4 | Killed Margery
 38174 | Vaults:4 | Reached skill level 16 in Invocations
 38216 | Vaults:4 | Noticed Boris
 38237 | Vaults:4 | Killed Boris
 38657 | Vaults:4 | Noticed Aizul
 38674 | Vaults:4 | Killed Aizul
 38850 | Vaults:4 | Reached skill level 17 in Invocations
 39317 | Elf:1    | Entered Level 1 of the Elven Halls
 39541 | Elf:1    | Lost mutation: You can translocate small distances at will. [potion of mutation]
 39541 | Elf:1    | Gained mutation: Your muscles are strong. (Str +2) [potion of mutation]
 39541 | Elf:1    | Gained mutation: You are agile. (Dex +2) [potion of mutation]
 39572 | Elf:1    | Found Yloli's Gadget Emporium.
 39573 | Elf:1    | Found Nonoh's Antique Armour Shoppe.
 39573 | Elf:1    | Found Edusmiatz's Jewellery Emporium.
 39583 | Elf:1    | Found Enaett's Book Shoppe.
 40629 | Elf:2    | Reached skill level 18 in Invocations
 40667 | Elf:2    | Reached XP level 22. HP: 115/115 MP: 12/36
 40896 | Elf:2    | Found Suely's Distillery.
 40913 | Elf:2    | Bought a potion of haste for 150 gold pieces
 41041 | Elf:2    | Found a runed gate.
 41043 | Elf:2    | Found a runed gate.
 41046 | Elf:2    | Found a runed gate.
 41075 | Elf:2    | Noticed Asterion
 41094 | Elf:2    | Killed Asterion
 41349 | Elf:2    | Reached skill level 19 in Invocations
 41688 | Elf:2    | Was forgiven by Trog
 41793 | Elf:3    | Entered Level 3 of the Elven Halls
 41823 | Elf:3    | Found Migatu Erun's Magic Scroll Boutique.
 41831 | Elf:3    | Bought a scroll of brand weapon for 200 gold pieces
 42171 | Elf:3    | Found a huge runed gate.
 42171 | Elf:3    | Found a huge runed gate.
 42171 | Elf:3    | Found a huge runed gate.
 42171 | Elf:3    | Found a huge runed gate.
 42171 | Elf:3    | Found a huge runed gate.
 42171 | Elf:3    | Found a huge runed gate.
 42171 | Elf:3    | Found a huge runed gate.
 42172 | Elf:3    | Found a huge runed gate.
 42302 | Elf:3    | Reached skill level 20 in Invocations
 42408 | Elf:3    | STUPID KEYBOARD
 42643 | Elf:3    | Identified the +0 shield "Furph" {*Contam *Slow rElec rC+++} (You acquired it on level 3 of the Elven Halls)
 42645 | Elf:3    | Identified the +0 shield "Zusovu" {-Cast rElec MR++ Str+2} (You acquired it on level 3 of the Elven Halls)
 42663 | Elf:3    | Identified Sein's Almanac of Contamination and Flight
 42734 | Elf:3    | Got a steaming emerald amulet
 42735 | Elf:3    | Identified the amulet of Renitt {Reflect *Drain rF+++ rN+ Int+3 SH+5} (You found it on level 3 of the Elven Halls)
 42738 | Elf:3    | Got a scorched lapis lazuli ring
 42740 | Elf:3    | Identified the ring "Tuylefuf" {rF- MR++ MP+9 Str+2} (You found it on level 3 of the Elven Halls)
 42757 | Elf:3    | Got dazzling ice dragon scales
 42768 | Elf:3    | Identified the +5 ice dragon scales "Tookk" {rF- rC++ Slay+3} (You found it on level 3 of the Elven Halls)
 43223 | Elf:3    | Bought a scroll of acquirement for 520 gold pieces
 43223 | Elf:3    | Bought a scroll of brand weapon for 200 gold pieces
 43329 | Orc:2    | Reached XP level 23. HP: 119/119 MP: 38/38
 43550 | Slime:1  | Entered Level 1 of the Pits of Slime
 43611 | Slime:2  | Reached skill level 21 in Invocations
 43794 | Slime:5  | Entered Level 5 of the Pits of Slime
 43928 | Slime:5  | Found a viscous altar of Jiyva.
 43929 | Slime:5  | Noticed the Royal Jelly
 43934 | Slime:5  | Killed the Royal Jelly
 44028 | Slime:5  | Reached skill level 22 in Invocations
 44154 | Slime:5  | Got a slimy rune of Zot
 44173 | Slime:5  | Identified the +1 helmet of Taexoc {MR++} (You found it on level 5 of the Pits of Slime)
 44235 | Slime:5  | Identified the cursed -5 buckler of Absence {Int+2 SInv} (You found it on level 5 of the Pits of Slime)
 44542 | Depths:1 | Entered Level 1 of the Depths
 44591 | Depths:1 | Noticed Mara
 44596 | Depths:1 | Noticed kuniqs's illusion
 44607 | Depths:1 | Killed Mara
 45068 | Depths:1 | Found a gateway to Hell.
 45264 | Depths:2 | Got a pitted brass ring
 45265 | Depths:2 | Identified the ring of the Invisible Princes {AC+4 Int+5} (You found it on level 2 of the Depths)
 45423 | Depths:2 | Found a one-way gate to the infinite horrors of the Abyss.
 45505 | Depths:2 | Reached XP level 24. HP: 126/126 MP: 39/39
 46353 | Depths:2 | Noticed a juggernaut
 46360 | Depths:2 | Killed a juggernaut
 46360 | Depths:2 | Found a snail-covered altar of Cheibriados.
 46685 | Depths:3 | Paralysed by a floating eye for 4 turns
 46987 | Depths:3 | Found a one-way gate leading to the halls of Pandemonium.
 47256 | Depths:3 | Noticed a juggernaut
 47262 | Depths:3 | Killed a juggernaut
 47298 | Depths:3 | Reached XP level 25. HP: 123/133 MP: 39/39
 47411 | Depths:3 | Paralysed by a floating eye for 3 turns
 47717 | Depths:3 | Found Miosch's Changing Room.
 47731 | Depths:3 | Bought a potion of mutation for 144 gold pieces
 48191 | Depths:4 | Found Issoev's Book Shop.
 48211 | Depths:4 | Found Vated's Antique Armour Emporium.
 48490 | Depths:4 | Paralysed by a floating eye for 4 turns
 48714 | Depths:4 | Reached skill level 15 in Fighting
 48743 | Depths:4 | Found Byebiyc's Book Emporium.
 48937 | Depths:4 | Found Lual's Weapon Emporium.
 49040 | Depths:5 | Entered Level 5 of the Depths
 49257 | Depths:5 | Reached XP level 26. HP: 141/141 MP: 39/39
 49448 | Depths:5 | Found a gate to the Realm of Zot.
 49474 | Depths:5 | Noticed a juggernaut
 49486 | Depths:5 | Killed a juggernaut
 49713 | Depths:5 | Found a gateway to a ziggurat.
 49723 | Zig:1    | Entered Level 1 of a ziggurat
 49756 | Zig:2    | Entered Level 2 of a ziggurat
 49781 | Zig:3    | Entered Level 3 of a ziggurat
 49807 | Zig:4    | Entered Level 4 of a ziggurat
 49854 | Zig:4    | Identified the scarf "Liycex" {Str+6 Dex+3} (You acquired it on level 4 of a ziggurat)
 49869 | Zig:5    | Entered Level 5 of a ziggurat
 49980 | Depths:5 | Noticed a juggernaut
 49993 | Depths:5 | Killed a juggernaut
 49993 | Depths:5 | Reached skill level 15 in Dodging
 50161 | Depths:5 | Reached skill level 15 in Armour
 50636 | Vaults:5 | Entered Level 5 of the Vaults
 50794 | Vaults:5 | Identified the +3 plate armour of Mezcal {rF++ rCorr Int-4} (You found it on level 5 of the Vaults)
 50872 | Vaults:5 | Noticed an ancient lich
 50887 | Vaults:5 | Killed an ancient lich
 50920 | Vaults:5 | Reached XP level 27. HP: 149/149 MP: 39/39
 51041 | Vaults:5 | Identified the ring "Joaruhy" {*Corrode +Fly rC+ Str+5} (You found it on level 5 of the Vaults)
 51156 | Vaults:5 | Noticed an ancient lich
 51161 | Vaults:5 | Killed an ancient lich
 51202 | Vaults:5 | Got a scintillating silver ring
 51211 | Vaults:5 | Got a brightly glowing brass amulet
 51218 | Vaults:5 | Got a silver rune of Zot
 51221 | Vaults:5 | Got a steaming bone ring
 51232 | Vaults:5 | Identified the ring "Xual" {*Slow rPois Str+4 Int+4} (You took it off a fire giant on level 5 of the Vaults)
 51238 | Vaults:5 | Identified the amulet of Doeckuts {Inacc MR+} (You found it on level 5 of the Vaults)
 51241 | Vaults:5 | Identified the ring of Jealousy {rN+ MP-9 Str+7 Dex+3 Slay-2} (You found it on level 5 of the Vaults)
 51427 | Vaults:5 | Found Arhod's Food Emporium.
 51427 | Vaults:5 | Found Fuozoufu's Magic Scroll Boutique.
 51507 | Vaults:5 | Found Vuhip's Food Shop.
 51514 | Vaults:5 | Found Idocakhlo's Food Boutique.
 51527 | Vaults:5 | Found Qigol's Distillery.
 51527 | Vaults:5 | Found Zicroup's Magic Scroll Boutique.
 51549 | Vaults:5 | Found Nelytumm's Magic Scroll Shop.
 51585 | Vaults:5 | Found Seemeniy's Magic Scroll Shoppe.
 51601 | Vaults:5 | Bought a scroll of magic mapping for 59 gold pieces
 51601 | Vaults:5 | Bought a scroll of magic mapping for 59 gold pieces
 51885 | Elf:1    | Bought an encrusted crystal plate armour for 3230 gold pieces
 51885 | Elf:1    | Identified the +7 crystal plate armour of Mutualism {*Drain +Fly rPois} (You bought it in a shop on level 1 of the Elven Halls)
 52145 | Zot:1    | Entered Level 1 of the Realm of Zot
 52248 | Zot:1    | Noticed an orb of fire
 52253 | Zot:1    | Killed an orb of fire
 52790 | Zot:5    | Entered Level 5 of the Realm of Zot
 53015 | Zot:5    | Noticed an orb of fire
 53025 | Zot:5    | Gained mutation: You expend magic power (3 MP) to strengthen your wands. [an orb of fire]
 53028 | Zot:5    | Killed an orb of fire
 53063 | Zot:5    | Noticed an orb of fire
 53072 | Zot:5    | Noticed an orb of fire
 53076 | Zot:5    | Killed an orb of fire
 53077 | Zot:5    | Gained mutation: Your mind is acute. (Int +2) [an orb of fire]
 53078 | Zot:5    | Killed an orb of fire
 53220 | Zot:5    | Noticed an ancient lich
 53229 | Zot:5    | Killed an ancient lich
 53302 | Zot:5    | Got the Orb of Zot
 53545 | Depths:2 | Noticed Gamajirch the pandemonium lord
 53557 | Depths:2 | Killed Gamajirch the pandemonium lord
 53601 | Depths:1 | Noticed Daqysait the pandemonium lord
 53615 | Depths:1 | Killed Daqysait the pandemonium lord
 53669 | D:15     | Noticed a seraph
 53936 | D:$      | Escaped with the Orb!

Vault maps used:
D:1:      minmay_arrival_checkered_box
D:2:      lemuel_round_altar, nicolae_overflow_hidden_temple,
          chequers_ecumenical_altar_simple_redux, first_bread, uniq_natasha
D:4:      nicolae_ashenzari_panopticon, nicolae_tso_besieged_by_evil
D:5:      lemuel_doored_altar, nicolae_overflow_crystal_walls, serial_shops,
          shop, nicolae_shop_competitors_out_of_business, kennysheep_mini, shop,
          nicolae_shop_waterfront, serial_bayou_lagoon_a, uniq_ijyb
D:6:      marbit_many_paths, kennysheep_little_box, temple_pool_b,
          minmay_misc_feat_cross, uniq_crazy_yiuf_cottage, uniq_eustachio,
          uniq_sigmund
D:7:      nicolae_ossuary_entry_plus, grunt_livestock
D:8:      minmay_cut_squares, lemuel_crystal_altar, cheibrodos_worm_habitat,
          gammafunk_temple_overflow_claw
D:10:     david_lair_generic
D:11:     minmay_orc_entry_temple_small, uniq_sonja
D:13:     serial_shops, shop, uniq_kirke
D:14:     david_vaults_2, serial_shops, shop, uniq_nessos, uniq_agnes,
          uniq_roxanne
D:15:     hangedman_depths_entry_try_elsewhere_first,
          hangedman_abyss_or_decor_slice
Temple:   dpeg_three_leaves_temple
Lair:1:   basic_altar, grunt_forest_large_clearings
Lair:2:   lemuel_old_faithful
Lair:3:   regret_index_bee_streams, spider_nest_entry_a, grunt_megastairs_4
Lair:4:   minmay_shoals_entry_hut
Lair:5:   slime_dummy, lemuel_fruit_fields, grunt_megastairs_1, uniq_urug
Lair:6:   cheibrodos_lair_end_hotspot
Shoals:1: uniq_frances
Shoals:2: uniq_polyphemus, uniq_jorgrun, uniq_louise
Shoals:4: shoals_end_grunt_ice, shoal_ilsuiw, argonaut_gorgonesque, uniq_nikola
Spider:1: uniq_rupert
Spider:3: nicolae_spider_corner, uniq_arachne, uniq_donald
Spider:4: guppyfry_spider_rune, portal_ice_cave_entry_pillars_four
Slime:1:  cheibrodos_slime_lost_civilization_6
Slime:4:  cheibrodos_slime_lost_civilization_9, basic_altar
Orc:2:    st_orc_elflike, hangedman_minor_magic
Elf:1:    hangedman_corner_corridor, grunt_megastairs_3, minmay_shoptagon
Elf:2:    serial_shops, shop_fountains, uniq_asterion
Elf:3:    minmay_elf_hall_x, serial_shops, nicolae_shop_stone, door_vault
Vaults:1: v_misc_29, ontoclasm_vaults_ring_square, kb_rosetta, v_misc_24,
          nicolae_vaults_three_branches, vaults_dpeg_encased_lava,
          nicolae_vaults_circle_grid_b, serial_shops, nicolae_shop_stone,
          basic_altar
Vaults:2: ontoclasm_vaults_twist, vaults_mumra_minichess,
          ontoclasm_vaults_claustrophobia, vaults_room_hangedman_quadrants,
          ontoclasm_vaults_ligature, minmay_crypt_entry_simple_corners,
          hangedman_vaults_stream, nicolae_vaults_ring_of_whatevers, v_misc_8,
          ontoclasm_vaults_chip
Vaults:3: ontoclasm_vaults_shuriken, hangedman_vaults_restitches,
          ontoclasm_vaults_loading_screen, v_misc_33,
          hangedman_vaults_river_flow, v_misc_26, grunt_vaults_hallway_short,
          nicolae_vaults_mini_display_case, serial_shops, freezing_bzr,
          portal_desolation_entry_nicolae_slug, basic_altar
Vaults:4: vaults_room_fours, nicolae_vaults_network_periphery, v_alt_pattern_2,
          vaults_room_boxed, nicolae_vaults_hallways_thing,
          ontoclasm_vaults_spin, v_pattern_3, ontoclasm_vaults_ring_square,
          nicolae_vaults_angled_halls, ontoclasm_vaults_loading_screen,
          nicolae_vaults_diagonal_hallway_7, grunt_vaults_hallway_short,
          vaults_room_hallway, uniq_margery, uniq_aizul, uniq_boris
Vaults:5: serial_shops
Depths:1: hellmouth_1, minmay_misc_feat_tiny, minmay_protected_statue,
          grunt_megastairs_2, uniq_mara
Depths:2: pf_snail_temple, infiniplex_staircase_squiggle,
          grunt_hell_entry_dis_grunt, abyss_entry, serial_bayou_shore_b
Depths:3: minmay_tearing_corner, grunt_pan_entry_zigzag, minmay_misc_feat_doors,
          hell_entry, nicolae_transmutations_shop, minmay_staircase_statues
Depths:4: hangedman_cross_stitches, hangedman_decor_slide_cut, serial_shops,
          kennysheep_mini_moat, nicolae_shop_window_shopping,
          nicolae_shop_crystal, shop, hell_entry, abyss_entry_crystal,
          serial_bayou_shore_b, infiniplex_staircase_pool_1
Depths:5: grunt_twist_and_shout, enter_ziggurat_d, serial_glass,
          glass_columns_b, glass_columns_c, hell_entry, special_room,
          minivault_11, minmay_hollow_rounded_squares
Zot:1:    lemuel_firehouse
Zot:4:    hangedman_zot_vaults_quadrants, st_stairs_1
Zot:5:    st_stairs_10
Bazaar:   bazaar_jpeg_cross
Ossuary:  minmay_ossuary_gauntlet
IceCv:    ice_cave_small_demon

Skill      XL: |  1  2  3  4  5  6  7  8  9 10 11 12 13 14 15 16 17 18 19 20 21 22 23 24 25 26 27 |
---------------+----------------------------------------------------------------------------------+-----
Fighting       | 3 4 5 6 7 8 9 10 11 12 14 15 16 19 | 19.7
Short Blades   | 3 4 5 6 7 8 9 10 | 10.0
Armour         | 2 3 4 5 6 7 8 10 11 12 14 15 18 | 18.3
Dodging        | 2 3 4 5 6 7 8 9 10 11 13 14 15 18 | 18.3
Shields        | 2 3 5 6 7 8 9 13 16 18 20 | 20.0
Evocations     | 2 4 5 6 |  6.4
Stealth        | 10 | 10.0
Invocations    | 9 14 18 20 22 | 22.1

Action                   |  1- 3 |  4- 6 |  7- 9 | 10-12 | 13-15 | 16-18 | 19-21 | 22-24 | 25-27 || total
-------------------------+-------+-------+-------+-------+-------+-------+-------+-------+-------++-------
Melee: Short sword       |    82 |    54 |       |       |       |       |       |       |       ||   136
       Bite              |    29 |    38 |   172 |   318 |  1011 |  1252 |  1210 |   887 |  1113 ||  6030
       Dagger            |       |    56 |   402 |   319 |       |       |       |       |       ||   777
       Quick blade       |       |       |       |   393 |  2108 |  2429 |  2093 |  1425 |  1761 || 10209
Invok: Berserk           |     6 |     1 |     7 |    13 |     5 |     8 |       |       |       ||    40
       Trog's Hand       |       |       |     2 |     2 |       |     2 |       |       |       ||     6
       Burn Spellbooks   |       |       |       |     1 |     6 |     4 |       |       |       ||    11
       Brothers in Arms  |       |       |       |     3 |     7 |    12 |       |       |       ||    22
       Line Pass         |       |       |       |       |       |       |     4 |     4 |     6 ||    14
       Renounce Religion |       |       |       |       |       |       |     1 |       |       ||     1
       Grand Finale      |       |       |       |       |       |       |     1 |     3 |     2 ||     6
Evoke: Wand              |       |       |       |     4 |     3 |    19 |     5 |     7 |    16 ||    54
       Sack of spiders   |       |       |       |       |       |     1 |       |       |       ||     1
       Lightning rod     |       |       |       |       |       |       |       |     4 |       ||     4
       Lamp of fire      |       |       |       |       |       |       |       |     1 |       ||     1
  Use: Potion            |     2 |       |       |     5 |     2 |     2 |     2 |       |    11 ||    24
       Scroll            |     1 |     4 |     1 |    18 |     7 |    14 |    14 |    34 |    16 ||   109
 Stab: Paralysed         |       |       |       |     3 |       |     1 |   129 |   121 |   153 ||   407
       Held in net/web   |       |       |       |       |       |     1 |       |       |       ||     1
       Distracted        |       |       |       |       |       |     2 |       |       |     1 ||     3
       Petrified         |       |       |       |       |       |    11 |       |       |       ||    11
       Confused          |       |       |       |       |       |       |     1 |       |     6 ||     7
  Eat: Chunk             |     6 |     5 |    16 |    30 |    43 |    36 |    28 |    18 |    11 ||   193
       Fruit             |       |       |       |     1 |       |     8 |    10 |     7 |    16 ||    42
       Meat ration       |       |       |       |       |       |       |       |       |     1 ||     1
Armor: Chain mail        |    33 |    59 |   179 |   187 |   256 |   275 |       |       |       ||   989
       Animal skin       |     1 |       |       |       |       |       |       |       |       ||     1
       Crystal plate arm |       |       |       |       |       |   161 |   269 |   198 |   241 ||   869
Dodge: Dodged            |    37 |    27 |   174 |   200 |   672 |   582 |   216 |   103 |   174 ||  2185
Block: Buckler           |       |       |    52 |    90 |   208 |       |       |       |       ||   350
       Large shield      |       |       |       |       |   313 |  1531 |  1164 |   884 |  1181 ||  5073
       Reflection        |       |       |       |       |       |       |       |       |     1 ||     1
